[Event "Titled Tuesday Blitz April 25 Early 2023"]
[White "Henriquez Villagra, Cristobal"]
[Black "djokovic74"]
[WhiteFideId "3409350"]
[WhiteElo "2542"]
[BlackElo "2612"]
[Result "1/2-1/2"]
[Round "06"]
[TimeControl "180+2"]
[Date "2023.04.25"]
[WhiteClock "0:00:16"]
[BlackClock "0:00:02"]

1. e4 e6 2. Qe2 c5 3. Nf3 Nc6 4. g3 Nge7 5. Bg2 g6 6. O-O Bg7 7. h4 O-O 8. h5 d5 9. d3 Qc7 10. Nc3 b6 11. Bf4 e5 12. Bg5 f6 13. Nxd5 Nxd5 14. exd5 Ne7 15. h6 Bh8 16. Nxe5 fxg5 17. d6 Qxd6 18. Nc4 Qc7 19. Bxa8 b5 20. Ne3 Bxb2 21. Rab1 Bd4 22. c3 Bxc3 23. Nd5 Nxd5 24. Bxd5+ Kh8 25. Rxb5 Bd4 26. Bg2 Qxg3 27. Rb2 Bh3 28. Qe4 Qxg2+ 29. Qxg2 Bxg2 30. Kxg2 Bxb2 31. Rb1 Bd4 32. f3 Kg8 33. Rb7 Ra8 34. a4 a5 35. Kg3 Be5+ 36. Kg4 Bf4 37. Rg7+ Kh8 38. Rd7 Rf8 39. Ra7 Bd2 40. Rc7 Rf4+ 41. Kg3 Kg8 42. Rg7+ Kh8 43. Rc7 Kg8 44. Rg7+ Kh8 45. Rc7 1/2-1/2


[Site "https://www.chess.com"]

[Event "Titled Tuesday Blitz April 25 Early 2023"]
[White "Golichenko, Ilija"]
[Black "Lenderman, Aleksandr"]
[WhiteFideId "14117223"]
[BlackFideId "2021285"]
[WhiteElo "2339"]
[BlackElo "2607"]
[Result "0-1"]
[Round "06"]
[TimeControl "180+2"]
[Date "2023.04.25"]
[WhiteClock "0:00:04"]
[BlackClock "0:01:54"]

1. d4 e6 2. c4 b6 3. e4 Bb4+ 4. Bd2 Bxd2+ 5. Nxd2 Bb7 6. f3 Qf6 7. Nb3 a5 8. Qd2 a4 9. Nc1 a3 10. b3 c5 11. Nge2 Nc6 12. e5 Qh4+ 13. g3 Qh5 14. Bg2 Nxd4 15. Nxd4 Qxe5+ 16. Nce2 cxd4 17. Qxd4 Qxd4 18. Nxd4 Nf6 19. O-O-O Ke7 20. Rhe1 g6 21. Bh1 Rhc8 22. Kb1 d5 23. f4 Rab8 24. Nb5 Ba6 25. Nxa3 dxc4 26. bxc4 Bxc4 27. Rc1 Bd5 28. Bxd5 Nxd5 29. Kb2 Nb4 30. Kb3 Nd3 31. Rxc8 Rxc8 32. Rd1 Nc5+ 33. Kb4 Ra8 34. Nc4 Rxa2 35. Nxb6 Na6+ 36. Kb5 Nc7+ 37. Kc6 Rc2+ 38. Kb7 Nd5 39. Nxd5+ exd5 40. Rxd5 Rxh2 41. Kc6 Rc2+ 42. Kb5 h5 43. f5 Rc3 44. fxg6 fxg6 45. g4 hxg4 46. Rg5 Kf6 47. Rxg4 Kf5 48. Rg1 g5 49. Kb4 Rc8 0-1


[Site "https://www.chess.com"]

[Event "Titled Tuesday Blitz April 25 Early 2023"]
[White "Zhigalko, Sergei"]
[Black "Sahib Singh"]
[WhiteFideId "13502956"]
[BlackFideId "25618342"]
[WhiteElo "2626"]
[BlackElo "1934"]
[Result "1-0"]
[Round "06"]
[TimeControl "180+2"]
[Date "2023.04.25"]
[WhiteClock "0:00:35"]
[BlackClock "0:00:21"]

1. e4 c5 2. Nf3 e6 3. c3 Nc6 4. d4 cxd4 5. cxd4 d5 6. e5 Bd7 7. Nc3 Rc8 8. Bd3 a6 9. O-O b5 10. a4 b4 11. Ne2 a5 12. Be3 Nh6 13. Nf4 Be7 14. Nh5 Kf8 15. Bxh6 gxh6 16. Rc1 f6 17. Qd2 Kf7 18. Qxh6 Qf8 19. Qf4 f5 20. Bb5 Rg8 21. Bxc6 Bxc6 22. Nf6 Bxf6 23. exf6 Bxa4 24. Rxc8 Qxc8 25. Qh6 Bb5 26. Ne5+ Ke8 27. f7+ Ke7 28. fxg8=Q Qxg8 29. Rc1 1-0


[Site "https://www.chess.com"]

[Event "Titled Tuesday Blitz April 25 Early 2023"]
[White "Indjic, Aleksandar"]
[Black "Gontcharov, Vladislav"]
[WhiteFideId "911925"]
[BlackFideId "4123492"]
[WhiteElo "2614"]
[BlackElo "2420"]
[Result "1-0"]
[Round "06"]
[TimeControl "180+2"]
[Date "2023.04.25"]
[WhiteClock "0:01:01"]
[BlackClock "0:00:06"]

1. e4 e6 2. d4 d5 3. e5 c5 4. c3 Nc6 5. Nf3 cxd4 6. cxd4 Nge7 7. Na3 Nf5 8. Nc2 Nh4 9. Nd2 Nf5 10. Nf3 Nh4 11. Nxh4 Qxh4 12. Be2 Qd8 13. O-O Be7 14. Be3 O-O 15. f4 f6 16. Bd3 Bd7 17. Qh5 f5 18. Qe2 Rc8 19. Kh1 a6 20. g4 Kh8 21. gxf5 exf5 22. Rf3 Nb4 23. Nxb4 Bxb4 24. Rg1 Qe7 25. Qg2 Bb5 26. Bb1 g6 27. h4 Rg8 28. Rh3 Qf7 29. Kh2 Ba4 30. Qe2 Bb5 31. Qf3 Ba4 32. Rg2 h5 33. Rhg3 Bd7 34. Bd3 Kh7 35. Rg1 Be7 36. Kh3 Be6 37. R3g2 Rc6 38. a4 Bd7 39. Qd1 Be6 40. Qb3 Bd8 41. Re2 Qe7 42. Bf2 Ba5 43. Rc2 Rgc8 44. Rxc6 Rxc6 45. Kg2 Rb6 46. Qc2 Rc6 47. Qd1 Qc7 48. Qb1 Qb6 49. Rc1 Qb4 50. Rxc6 bxc6 51. Qc2 c5 52. Qxc5 Qxc5 53. dxc5 Bc8 54. c6 Kg7 55. Bc5 Kf7 56. b4 Bc7 57. b5 axb5 58. axb5 Bd8 59. b6 1-0


[Site "https://www.chess.com"]

[Event "Titled Tuesday Blitz April 25 Early 2023"]
[White "Elgersma, Onno"]
[Black "Donchenko, Alexander"]
[WhiteFideId "1053531"]
[BlackFideId "24603295"]
[WhiteElo "2252"]
[BlackElo "2542"]
[Result "0-1"]
[Round "06"]
[TimeControl "180+2"]
[Date "2023.04.25"]
[WhiteClock "0:00:12"]
[BlackClock "0:00:11"]

1. Nf3 Nf6 2. e3 c5 3. b3 g6 4. Bb2 Bg7 5. d4 cxd4 6. Nxd4 O-O 7. c4 b6 8. Be2 Bb7 9. O-O Nc6 10. Nd2 Rc8 11. N2f3 Qc7 12. Rc1 Rfd8 13. Qc2 Qb8 14. Rfd1 Nb4 15. Qd2 Na6 16. b4 Ne4 17. Qe1 Nc7 18. a3 Qa8 19. Bf1 Ne8 20. Ba1 N8f6 21. h3 d6 22. Nb5 a6 23. Nbd4 Nd7 24. Be2 Ne5 25. Nxe5 Bxe5 26. Nf3 Bxa1 27. Rxa1 d5 28. Rac1 dxc4 29. Rxd8+ Rxd8 30. Bxc4 Nd6 31. Be2 Bxf3 32. Bxf3 Qb8 33. Qe2 Rc8 34. Rd1 Qa7 35. e4 a5 36. e5 Nf5 37. e6 f6 38. Rd7 Qb8 39. g3 axb4 40. axb4 Rc3 41. Be4 Nxg3 42. fxg3 Qxg3+ 43. Bg2 Rc1+ 44. Rd1 Qe5 45. Qd2 Rxd1+ 46. Qxd1 Kg7 47. Qd7 Qe3+ 48. Kf1 Qf4+ 49. Ke2 Qxb4 50. Bd5 h5 51. Qe8 Kh6 52. Qc6 b5 53. Qc1+ Kg7 54. Qc6 Qb2+ 55. Ke3 Qe5+ 56. Kd3 b4 57. Qd7 Qc3+ 58. Ke2 Qc5 59. Kd3 Kh6 60. Qc6 Qf2 61. Qc1+ Kg7 62. Qe3 Qf5+ 63. Be4 Qb5+ 64. Kd2 b3 65. Qg3 g5 66. Qf3 b2 67. Qxh5 Qb4+ 68. Ke3 Qxe4+ 69. Kxe4 b1=Q+ 70. Kd5 Qf5+ 71. Kd4 Qxe6 72. h4 Qe5+ 73. Kd3 Qg3+ 74. Kd2 Qxh4 75. Qe2 Qd4+ 76. Kc2 g4 77. Qxe7+ Kg6 78. Qe2 Qf4 79. Qd3+ Qf5 80. Kd2 Qxd3+ 81. Kxd3 Kf5 82. Ke2 Kf4 83. Kf1 g3 84. Kg1 Kf3 85. Kf1 Kg4 86. Kg1 Kh3 87. Kh1 f5 88. Kg1 g2 89. Kf2 Kh2 0-1


[Site "https://www.chess.com"]

[Event "Titled Tuesday Blitz April 25 Early 2023"]
[White "Fressinet, Laurent"]
[Black "Bosnjak, Petar"]
[WhiteFideId "608742"]
[BlackFideId "14532581"]
[WhiteElo "2633"]
[BlackElo "2227"]
[Result "1/2-1/2"]
[Round "06"]
[TimeControl "180+2"]
[Date "2023.04.25"]
[WhiteClock "0:00:09"]
[BlackClock "0:00:57"]

1. d4 d5 2. Nf3 Nf6 3. Bg5 c5 4. e3 Nc6 5. Nbd2 Bg4 6. c3 cxd4 7. exd4 e6 8. Qb3 Qc7 9. Bxf6 gxf6 10. Be2 Bg7 11. Nf1 Bh5 12. Ng3 Bg6 13. Nh4 a6 14. O-O O-O 15. f4 f5 16. Qd1 Bf6 17. Nxg6 hxg6 18. Rf3 Kg7 19. Nf1 Rh8 20. g3 Na5 21. Ne3 b5 22. h4 Nc4 23. Bxc4 bxc4 24. Rf2 a5 25. Rh2 Rab8 26. Qf3 a4 27. a3 Rbg8 28. Rf1 Kf8 29. Qd1 Qc6 30. Rff2 Be7 31. Kf1 Ke8 32. Ke2 Kd7 33. Kd2 Qb5 34. Kc1 Bf6 35. Qc2 Rb8 36. Rf1 Rbg8 37. Rfh1 Rh5 38. g4 fxg4 39. Nxg4 Bg7 40. Ne5+ Ke8 41. Rg2 Bxe5 42. fxe5 Rgh8 43. Qf2 Qd7 44. Rg4 Qe7 45. Qc2 Qd7 46. Qf2 Qe7 47. Qc2 Qd7 48. Qf2 1/2-1/2


[Site "https://www.chess.com"]

[Event "Titled Tuesday Blitz April 25 Early 2023"]
[White "Quesada Perez, Yuniesky"]
[Black "Dixit, Nikhil"]
[WhiteFideId "3504409"]
[BlackFideId "5059534"]
[WhiteElo "2585"]
[BlackElo "2207"]
[Result "1/2-1/2"]
[Round "06"]
[TimeControl "180+2"]
[Date "2023.04.25"]
[WhiteClock "0:00:20"]
[BlackClock "0:00:19"]

1. e4 c5 2. Nf3 Nc6 3. Bb5 g6 4. O-O Bg7 5. c3 Nf6 6. Re1 O-O 7. d4 cxd4 8. cxd4 d6 9. h3 a6 10. Bf1 b5 11. a3 Rb8 12. Nc3 Na5 13. e5 dxe5 14. dxe5 Qxd1 15. Rxd1 Nd7 16. Nd5 Nxe5 17. Nxe7+ Kh8 18. Nxe5 Bxe5 19. Bd2 Nb3 20. Nc6 Nxa1 21. Nxe5 Nb3 22. Bb4 Be6 23. Bxf8 Rxf8 24. Rd6 Rc8 25. Bd3 Rc1+ 26. Kh2 Nc5 27. b4 Nxd3 28. Rxd3 Rc2 29. Kg3 Kg7 30. Re3 Ra2 31. Nc6 g5 32. h4 gxh4+ 33. Kxh4 Rxf2 34. Kg3 Rd2 35. Ne5 Bd5 36. Nf3 Bxf3 37. Kxf3 Rd6 38. Rc3 Re6 39. Rc7 h6 40. Rd7 Kg6 41. Rc7 Kf6 42. g3 Rd6 43. Ke4 Kg6 44. Ra7 Rf6 45. Ra8 Kg5 46. Rg8+ Rg6 47. Rf8 Re6+ 48. Kf3 Kg6 49. Rg8+ Kh7 50. Rf8 Kg7 51. Ra8 h5 52. Kf4 Kf6 53. Rh8 Kg6 54. Rg8+ Kh7 55. Ra8 Kg7 56. Kg5 Re5+ 57. Kh4 Re6 58. Kxh5 Rg6 59. Kh4 Rd6 60. Kg4 Rf6 61. Ra7 Rg6+ 62. Kf4 Rf6+ 63. Ke5 Rg6 64. Kd5 Rf6 65. Kc5 Rg6 66. Ra8 Rf6 67. Ra7 Rg6 68. Kd4 Rf6 69. Ke5 Rg6 70. Ra8 Re6+ 71. Kf5 Rg6 72. g4 Rf6+ 73. Ke4 Re6+ 74. Kf4 Rf6+ 75. Kg3 Rg6 76. Kh4 Re6 77. g5 Re4+ 78. Kh5 Re6 79. Ra7 Rd6 80. Kg4 Rd4+ 81. Kf5 Rd6 82. Ke5 Re6+ 83. Kf5 Rd6 84. Ke5 Re6+ 85. Kf5 Rd6 1/2-1/2


[Site "https://www.chess.com"]

[Event "Titled Tuesday Blitz April 25 Early 2023"]
[White "Firouzja, Alireza"]
[Black "Aradhya, Garg"]
[WhiteFideId "12573981"]
[BlackFideId "25006746"]
[WhiteElo "2904"]
[BlackElo "2263"]
[Result "1-0"]
[Round "06"]
[TimeControl "180+2"]
[Date "2023.04.25"]
[WhiteClock "0:00:52"]
[BlackClock "0:00:08"]

1. d4 d5 2. c4 c6 3. Nf3 Nf6 4. Nc3 dxc4 5. a4 Bf5 6. e3 e6 7. Bxc4 Bb4 8. O-O O-O 9. Qe2 h6 10. Rd1 Ne4 11. Na2 Bd6 12. Bd3 Nd7 13. Qc2 Ndf6 14. Ne5 c5 15. f3 cxd4 16. fxe4 Bxe5 17. exf5 Ng4 18. g3 Nxe3 19. Bxe3 dxe3 20. fxe6 Qb6 21. Qe2 fxe6 22. Rf1 Qxb2 23. Qxb2 Bxb2 24. Rab1 Bd4 25. Kg2 b6 26. Nb4 Rac8 27. Rxf8+ Kxf8 28. Rf1+ Ke7 29. Rf4 e5 30. Re4 Rc5 31. Nc2 Rc3 32. Nxd4 Rxd3 33. Nf5+ Ke6 34. Nxe3 Rd2+ 35. Kf3 h5 36. h4 Rd4 37. Nc2 Rd2 38. Rc4 a5 39. Ke4 Re2+ 40. Ne3 Ra2 41. Rc6+ Kd7 42. Rxb6 Rxa4+ 43. Kxe5 Ra3 44. Nf5 a4 45. Ra6 g6 46. Rxg6 Rb3 47. Ra6 a3 48. Ra7+ Kc8 49. Ne7+ Kb8 50. Nc6+ Kc8 51. Kf4 Rc3 52. Ne7+ Kb8 53. Ra4 Kb7 54. g4 hxg4 55. Kxg4 Re3 56. Nf5 Rd3 57. h5 Kb6 58. h6 Rc3 59. h7 Rc8 60. Rxa3 Rh8 61. Rh3 Kc6 62. Kg5 Kd7 63. Kf6 Kc6 64. Kg7 Rb8 65. h8=Q Rxh8 66. Rxh8 Kd5 67. Re8 Kc4 68. Kf6 Kd3 69. Re3+ Kc2 70. Ke5 Kd2 71. Kd4 Kc2 72. Kc4 Kd2 73. Re4 Kc2 74. Re2+ Kd1 75. Nd4 Kc1 76. Kb3 Kd1 77. Kc3 Kc1 78. Re1# 1-0


[Site "https://www.chess.com"]

[Event "Titled Tuesday Blitz April 25 Early 2023"]
[White "Pakleza, Zbigniew"]
[Black "Martinez Alcantara, Jose Eduardo"]
[WhiteFideId "1119290"]
[BlackFideId "3805662"]
[WhiteElo "2410"]
[BlackElo "2711"]
[Result "0-1"]
[Round "06"]
[TimeControl "180+2"]
[Date "2023.04.25"]
[WhiteClock "0:00:03"]
[BlackClock "0:00:15"]

1. d4 Nf6 2. Nf3 b6 3. Bf4 Bb7 4. e3 g6 5. h3 Bg7 6. Be2 O-O 7. O-O e6 8. c4 d6 9. Nc3 Nbd7 10. Bh2 a5 11. Rc1 Ne4 12. Nxe4 Bxe4 13. a3 f5 14. Nd2 Bb7 15. Bf3 Bxf3 16. Qxf3 a4 17. Rfd1 e5 18. Nb1 Kh8 19. Nc3 f4 20. Qc6 exd4 21. exd4 f3 22. gxf3 Nf6 23. Nd5 Nxd5 24. Qxd5 Qd7 25. Kg2 Rad8 26. Rc2 Rf5 27. Qe4 Rdf8 28. Rd3 Rh5 29. Qg4 Rff5 30. f4 Qf7 31. Bg3 h6 32. c5 bxc5 33. dxc5 Rxc5 34. Rxc5 Rxc5 35. Re3 Rf5 36. Qd1 Qd7 37. Qc2 c5 38. h4 h5 39. Re4 Bd4 40. Kh2 d5 41. Re2 Bg7 42. Qd3 c4 43. Qe3 d4 44. Qe4 d3 45. Rd2 Qd4 46. Qe8+ Kh7 47. Qxa4 Rxf4 48. Bxf4 Qxf4+ 49. Kg2 Qxd2 50. Qxc4 Qc2 0-1


[Site "https://www.chess.com"]

[Event "Titled Tuesday Blitz April 25 Early 2023"]
[White "Halkias, Stelios"]
[Black "Tactrics"]
[WhiteFideId "4201809"]
[WhiteElo "2451"]
[BlackElo "2949"]
[Result "0-1"]
[Round "06"]
[TimeControl "180+2"]
[Date "2023.04.25"]
[WhiteClock "0:00:01"]
[BlackClock "0:00:04"]

1. c4 c5 2. Nf3 Nf6 3. Nc3 e6 4. g3 b6 5. Bg2 Bb7 6. O-O Be7 7. d4 cxd4 8. Qxd4 O-O 9. Rd1 Nc6 10. Qf4 d6 11. b3 Qb8 12. Bb2 a6 13. Qe3 Qc7 14. Rac1 Nb8 15. Nd4 Re8 16. Bxb7 Qxb7 17. Qf3 Qa7 18. Kg2 Bf8 19. h4 Nbd7 20. Nc6 Qc7 21. b4 Rac8 22. b5 a5 23. Na4 e5 24. Nc3 Nc5 25. Nd5 Nxd5 26. cxd5 Qd7 27. e4 g6 28. h5 Bh6 29. hxg6 fxg6 30. Rc2 Rf8 31. Qe2 Bg5 32. Rh1 h5 33. Rh2 Rf7 34. Bxe5 Re8 35. Rxc5 bxc5 36. Ba1 Bf6 37. Bxf6 Rxf6 38. Rh1 Rf7 39. b6 Qb7 40. Rb1 Ra8 41. Qb5 a4 42. Rb2 a3 43. Rb3 Kh7 44. f4 h4 45. e5 dxe5 46. fxe5 Qd7 47. Qc4 h3+ 48. Kg1 Raf8 49. e6 Rf1+ 50. Kh2 R8f2+ 51. Kxh3 Rh1+ 52. Kg4 Qg7 53. Qe4 Qh6 54. Qxh1 Qxh1 55. Kg5 Qh5# 0-1


[Site "https://www.chess.com"]

[Event "Titled Tuesday Blitz April 25 Early 2023"]
[White "Svane, Frederik"]
[Black "Liyanage, Ranindu Dilshan"]
[WhiteFideId "12923044"]
[BlackFideId "9915834"]
[WhiteElo "2502"]
[BlackElo "2199"]
[Result "1-0"]
[Round "06"]
[TimeControl "180+2"]
[Date "2023.04.25"]
[WhiteClock "0:01:19"]
[BlackClock "0:00:42"]

1. c4 e6 2. Nc3 d5 3. cxd5 exd5 4. d4 Bb4 5. Nf3 Nf6 6. Bf4 Ne4 7. Rc1 g5 8. Bd2 Bxc3 9. Bxc3 Qf6 10. h3 h5 11. e3 Rg8 12. Bd3 g4 13. hxg4 Bxg4 14. Qb3 Bxf3 15. gxf3 Qxf3 16. Rf1 Nxf2 17. Rxf2 Rg1+ 18. Bf1 Rxf1+ 19. Kxf1 Qh1+ 20. Ke2 Qxc1 21. Rf1 1-0


[Site "https://www.chess.com"]

[Event "Titled Tuesday Blitz April 25 Early 2023"]
[White "Steinberg, Nitzan"]
[Black "Dimitrov, Atanas"]
[WhiteFideId "2801795"]
[BlackFideId "2901315"]
[WhiteElo "2486"]
[BlackElo "2702"]
[Result "1-0"]
[Round "06"]
[TimeControl "180+2"]
[Date "2023.04.25"]
[WhiteClock "0:01:25"]
[BlackClock "0:01:00"]

1. e4 c5 2. Nc3 Nc6 3. Nge2 Nf6 4. d4 cxd4 5. Nxd4 d6 6. Bc4 Bd7 7. Bb3 g6 8. Be3 Bg7 9. f3 Ne5 10. Qd2 Rc8 11. O-O-O O-O 12. g4 Nc4 13. Bxc4 Rxc4 14. Kb1 b5 15. h4 h5 16. gxh5 Nxh5 17. Rhg1 Kh7 18. Rg5 b4 19. Nd5 e6 20. Qd3 exd5 21. exd5 Rxd4 22. Bxd4 f5 23. Bxg7 Kxg7 24. Rdg1 Rf6 25. Rxh5 1-0


[Site "https://www.chess.com"]

[Event "Titled Tuesday Blitz April 25 Early 2023"]
[White "Timofeev, Artyom"]
[Black "Spata, German"]
[WhiteFideId "4140419"]
[BlackFideId "113026"]
[WhiteElo "2586"]
[BlackElo "2238"]
[Result "1-0"]
[Round "06"]
[TimeControl "180+2"]
[Date "2023.04.25"]
[WhiteClock "0:01:22"]
[BlackClock "0:00:18"]

1. c4 g6 2. Nc3 Bg7 3. g3 Nf6 4. Bg2 O-O 5. Nf3 d6 6. O-O e5 7. d3 Nc6 8. Rb1 Bg4 9. h3 Be6 10. b3 h6 11. Bb2 Qd7 12. Kh2 Nh7 13. Nd2 f5 14. f4 exf4 15. gxf4 Rae8 16. e3 Nf6 17. Nf3 Bf7 18. Qd2 d5 19. cxd5 Nxd5 20. Nxd5 Bxd5 21. Bxg7 Kxg7 22. Rbe1 Rd8 23. Qc3+ Kh7 24. d4 Bxf3 25. Bxf3 Rfe8 26. Rg1 Qd6 27. Bxc6 bxc6 28. Rg3 Re6 29. Qa5 Rde8 30. Qxa7 g5 31. Qa5 Kg6 32. h4 Rxe3 33. Rexe3 Rxe3 34. Rxe3 Qxf4+ 35. Rg3 Qf2+ 36. Rg2 Qxh4+ 37. Kg1 Qe1+ 38. Qxe1 1-0


[Site "https://www.chess.com"]

[Event "Titled Tuesday Blitz April 25 Early 2023"]
[White "Borgaonkar Akshay"]
[Black "Movahed, Sina"]
[WhiteFideId "25639110"]
[BlackFideId "42520835"]
[WhiteElo "2063"]
[BlackElo "2225"]
[Result "0-1"]
[Round "06"]
[TimeControl "180+2"]
[Date "2023.04.25"]
[WhiteClock "0:00:02"]
[BlackClock "0:00:06"]

1. d4 Nf6 2. Nc3 d5 3. Bf4 g6 4. e3 Bg7 5. h4 c6 6. Nf3 Bg4 7. Be2 Nbd7 8. Ne5 Bxe2 9. Qxe2 h5 10. O-O-O Rc8 11. f3 b5 12. e4 b4 13. Na4 Qa5 14. b3 Nb6 15. Nxb6 axb6 16. Kb1 dxe4 17. fxe4 Ra8 18. a4 bxa3 19. Ka2 Qc3 20. Nc4 O-O 21. Rh3 Qb4 22. Ne5 Rfc8 23. c4 Qa5 24. Bd2 Qa6 25. g4 b5 26. gxh5 Nxh5 27. c5 Rd8 28. Qe3 Qc8 29. Rf3 Bxe5 30. dxe5 Qe6 31. Rdf1 Rd7 32. Bc3 b4 33. Rxf7 bxc3 34. Qh6 Rd2+ 35. Ka1 Qxf7 36. Rxf7 Kxf7 37. e6+ Kxe6 38. Qxg6+ Ke5 39. Qg5+ Kd4 40. Qxh5 Rf8 0-1


[Site "https://www.chess.com"]

[Event "Titled Tuesday Blitz April 25 Early 2023"]
[White "Nikologorskiy, Konstantin"]
[Black "Tari, Aryan"]
[WhiteFideId "24111708"]
[BlackFideId "1510045"]
[WhiteElo "2293"]
[BlackElo "2561"]
[Result "0-1"]
[Round "06"]
[TimeControl "180+2"]
[Date "2023.04.25"]
[WhiteClock "0:00:02"]
[BlackClock "0:00:50"]

1. d4 Nf6 2. c4 e6 3. Nf3 d5 4. g3 h6 5. Bg2 Bd6 6. O-O O-O 7. Nc3 Nc6 8. b3 dxc4 9. bxc4 e5 10. d5 Na5 11. Nd2 b6 12. Bb2 Ba6 13. Nb5 Re8 14. a4 Bb4 15. Rc1 Bxd2 16. Qxd2 Nb3 17. Qc2 Nxc1 18. Rxc1 Qd7 19. h4 Bb7 20. Nc3 c6 21. Rd1 cxd5 22. Nxd5 Nxd5 23. Bxd5 Bxd5 24. Rxd5 Qc7 25. Qe4 Rac8 26. Bxe5 Qxc4 27. Rd4 Qe6 28. f4 f6 29. Rd6 Qxd6 0-1


[Site "https://www.chess.com"]

[Event "Titled Tuesday Blitz April 25 Early 2023"]
[White "Kamsky, Gata"]
[Black "Souleidis, Georgios"]
[WhiteFideId "2000024"]
[BlackFideId "4206827"]
[WhiteElo "2660"]
[BlackElo "2401"]
[Result "0-1"]
[Round "06"]
[TimeControl "180+2"]
[Date "2023.04.25"]
[WhiteClock "0:00:12"]
[BlackClock "0:00:01"]

1. e4 c5 2. Nf3 e6 3. d4 cxd4 4. Nxd4 Nf6 5. Nc3 Nc6 6. Ndb5 Bc5 7. Bf4 O-O 8. Bc7 Qe7 9. Bd6 Bxd6 10. Qxd6 Qd8 11. Bd3 a6 12. Nd4 Ne8 13. Nxc6 bxc6 14. Qc5 Rb8 15. b3 d5 16. O-O Nf6 17. Rfe1 Bb7 18. Na4 Re8 19. e5 Nd7 20. Qd4 Qa5 21. c4 c5 22. Qh4 g6 23. Qf4 Bc6 24. Nb2 Qc7 25. Qg3 a5 26. h4 a4 27. Nxa4 dxc4 28. Bxc4 Red8 29. Nc3 Nf8 30. Ne4 Bxe4 31. Rxe4 Rd2 32. a4 Rbd8 33. Qf3 Qa5 34. g3 h5 35. Re2 R2d4 36. Qe3 Nd7 37. Rc1 Nb6 38. Bb5 Qb4 39. Qc3 Rd1+ 40. Kg2 Qg4 41. Rxd1 Rxd1 42. Qxc5 Nd5 0-1


[Site "https://www.chess.com"]

[Event "Titled Tuesday Blitz April 25 Early 2023"]
[White "Galchenko, Matvey"]
[Black "Kim, Sergey"]
[WhiteFideId "24175480"]
[BlackFideId "13700570"]
[WhiteElo "2423"]
[BlackElo "2642"]
[Result "0-1"]
[Round "06"]
[TimeControl "180+2"]
[Date "2023.04.25"]
[WhiteClock "0:00:01"]
[BlackClock "0:00:07"]

1. f4 d5 2. Nf3 c5 3. g3 Nc6 4. Bg2 g6 5. O-O Bg7 6. d3 Nf6 7. Nc3 d4 8. Na4 Qa5 9. c4 dxc3 10. Nxc3 c4 11. d4 O-O 12. e4 Rd8 13. Kh1 Bg4 14. h3 Bxf3 15. Qxf3 Nxd4 16. Qf2 Nb3 17. Rb1 Nxc1 18. Rbxc1 Rac8 19. e5 Ne8 20. Bxb7 Rb8 21. Bg2 Nc7 22. Ne4 Qxa2 23. Rc2 Nd5 24. Qe2 Nb6 25. g4 Qb3 26. e6 f6 27. f5 Qd3 28. Nc5 Qd6 29. Ne4 Qd3 30. Qf2 Qb3 31. g5 Nd5 32. fxg6 hxg6 33. gxf6 Nxf6 34. Nc3 Rf8 35. Qe2 Rbd8 36. Rd2 Rxd2 37. Qxd2 Qb6 38. Qe2 Qc5 39. Re1 Qc7 40. Qc2 Qg3 41. Rg1 Ng4 0-1


[Site "https://www.chess.com"]

[Event "Titled Tuesday Blitz April 25 Early 2023"]
[White "Mekhitarian, Krikor Sevag"]
[Black "Lenaerts, Lennert"]
[WhiteFideId "2107660"]
[BlackFideId "211435"]
[WhiteElo "2604"]
[BlackElo "2334"]
[Result "1-0"]
[Round "06"]
[TimeControl "180+2"]
[Date "2023.04.25"]
[WhiteClock "0:01:07"]
[BlackClock "0:02:03"]

1. Nf3 d5 2. c4 c6 3. e3 Nf6 4. Nc3 g6 5. d4 Bg7 6. h3 O-O 7. Bd3 dxc4 8. Bxc4 b5 9. Bb3 a6 10. O-O Bb7 11. e4 Nbd7 12. e5 Nd5 13. e6 fxe6 14. Ng5 Qc8 15. Nxe6 Rf6 16. Re1 N7b6 17. Nxg7 Kxg7 18. Nxd5 Nxd5 19. Bxd5 cxd5 20. Rxe7+ Rf7 21. Bh6+ Kg8 22. Rxf7 Kxf7 23. Rc1 Qd7 24. Qf3+ Kg8 25. Qf6 Rc8 26. Rxc8+ Bxc8 27. Qf8# 1-0


[Site "https://www.chess.com"]

[Event "Titled Tuesday Blitz April 25 Early 2023"]
[White "Salinas Herrera, Pablo"]
[Black "Sielecki, Christof"]
[WhiteFideId "3407128"]
[BlackFideId "4620437"]
[WhiteElo "2546"]
[BlackElo "2443"]
[Result "1-0"]
[Round "06"]
[TimeControl "180+2"]
[Date "2023.04.25"]
[WhiteClock "0:01:02"]
[BlackClock "0:00:06"]

1. e4 c5 2. Nf3 a6 3. g3 Nc6 4. Bg2 Nf6 5. O-O Nxe4 6. Re1 Nf6 7. d4 cxd4 8. Nxd4 e6 9. c4 Be7 10. Nc3 O-O 11. Bf4 d5 12. cxd5 exd5 13. Rc1 Bg4 14. Qd2 Rc8 15. h3 Nxd4 16. hxg4 Ne6 17. g5 Ne4 18. Nxe4 dxe4 19. Rxc8 Qxc8 20. Bxe4 Rd8 21. Qe3 Bb4 22. Rc1 Bc5 23. Qf3 Nd4 24. Qd1 Qe6 25. Bd3 Qd5 26. Be2 Re8 27. Bg4 b6 28. a3 a5 29. Rc3 g6 30. Re3 Rxe3 31. Bxe3 Qe5 32. b4 axb4 33. axb4 1-0


[Site "https://www.chess.com"]

[Event "Titled Tuesday Blitz April 25 Early 2023"]
[White "Kosakowski, Jakub"]
[Black "Toropov, Pavel"]
[WhiteFideId "1185080"]
[BlackFideId "24129178"]
[WhiteElo "2488"]
[BlackElo "2182"]
[Result "1-0"]
[Round "06"]
[TimeControl "180+2"]
[Date "2023.04.25"]
[WhiteClock "0:00:53"]
[BlackClock "0:00:09"]

1. d4 d5 2. Nf3 Nf6 3. Bf4 c6 4. Nbd2 Bf5 5. e3 e6 6. h3 Bd6 7. Bxd6 Qxd6 8. Nh4 Be4 9. c3 Nbd7 10. Be2 Rc8 11. O-O g5 12. Nhf3 g4 13. Ng5 Bxg2 14. Kxg2 Rg8 15. hxg4 Rxg5 16. f4 Rg7 17. Kf2 Ke7 18. g5 Ne4+ 19. Nxe4 dxe4 20. Qc2 f6 21. Qxe4 fxg5 22. Rh1 Nf6 23. Qe5 gxf4 24. exf4 Rf8 25. Bf3 Ng4+ 26. Bxg4 Rxf4+ 27. Bf3 Qxe5 28. dxe5 Rgf7 29. Rh3 R7f5 30. Rxh7+ Kd8 31. Rd1+ 1-0


[Site "https://www.chess.com"]

[Event "Titled Tuesday Blitz April 25 Early 2023"]
[White "MaryanKyrychenko"]
[Black "Milikow, Yoav"]
[BlackFideId "2822237"]
[WhiteElo "2546"]
[BlackElo "2410"]
[Result "1-0"]
[Round "06"]
[TimeControl "180+2"]
[Date "2023.04.25"]
[WhiteClock "0:00:05"]
[BlackClock "0:00:08"]

1. e4 e6 2. d4 d5 3. Nc3 Bb4 4. e5 c5 5. a3 Ba5 6. b4 cxd4 7. Qg4 Kf8 8. Nb5 Bb6 9. Nf3 Nc6 10. Bd3 a6 11. Nd6 Nxe5 12. Nxe5 Qxd6 13. Bf4 Qe7 14. Qg3 Qd8 15. O-O f6 16. Nf3 Ne7 17. Rfe1 Kf7 18. h4 Ng6 19. Bd6 Bd7 20. h5 Ne7 21. Qf4 Kg8 22. h6 Ng6 23. Qg3 Kf7 24. Nh4 f5 25. Bxf5 exf5 26. Nxg6 hxg6 27. Qe5 Qf6 28. Qxd5+ Be6 29. Qxb7+ Kg8 30. Qxa8+ Kh7 31. Qxa6 Bd8 32. Qd3 Bf7 33. Bf4 g5 34. Be5 Qxh6 35. Kf1 Kg8 36. Ke2 Qc6 37. Kd2 Bc4 38. Qxd4 Be7 39. Bxg7 Rh4 40. Qc3 Qd7+ 41. Kc1 Be6 42. Kb2 Rc4 43. Rad1 Qc8 44. Qe3 Kf7 45. Qxe6+ Qxe6 46. Rxe6 Kxe6 47. Bc3 Rc8 48. a4 f4 49. Kb3 Kf5 50. f3 g4 51. Rd5+ Ke6 52. Re5+ Kd6 53. Re4 gxf3 54. gxf3 Bg5 55. Be5+ Kd5 56. Bxf4 Bf6 57. Bd2 Rh8 58. c4+ Kd6 59. Bc3 Rh1 60. Bxf6 1-0


[Site "https://www.chess.com"]